AoeStats
← scotchmalt

Arabia

510037566Analyzed
1v1 RM · 1d ago on Sep 29, 2026· 56m 9s· 2 players
Game mode
Random Map
Map size
Tiny (2 player)
Population
200
Speed
Normal
Resources
Standard
Victory
Conquest
Starting age
Dark Age
Ending age
Imperial Age
RankedLock teamsTeams togetherTeam positionsShared explorationLock speedFull tech treeHidden civsTurbo modeCheats
Victory
Defeat
🇮🇳 Koreans · India
759
+16
🇨🇴 Mongols · Colombia
759
-16
jsquintero247
6:25 Loom
9:49 Feudal Age
10:17 Double-Bit Axe
11:12 Wheelbarrow
12:34 Horse Collar
14:12 Bloodlines
23:04 Castle Age
21:37 Padded Archer Armor
21:41 Gold Mining
22:24 Fletching
24:02 Hand Cart
24:10 Bow Saw
24:43 Leather Archer Armor
24:49 Bodkin Arrow
26:04 Scale Mail Armor
27:47 Elite Skirmisher
29:16 Husbandry
31:41 Forging
33:47 Gold Shaft Mining
40:19 Imperial Age
38:28 Murder Holes
39:24 Ballistics
40:11 Iron Casting
39:42 Scale Barding Armor
41:59 Heavy Plow
42:15 Thumb Ring
44:09 Chemistry
51:31 Crossbowman
54:59 Bracer
scotchmalt
11:03 Feudal Age
14:33 Loom
17:38 Castle Age
18:27 Fletching
18:59 Thumb Ring
19:54 Double-Bit Axe
23:07 Crossbowman
26:10 Pikeman
29:06 Scale Mail Armor
29:17 Forging
38:11 Imperial Age
36:16 Chain Mail Armor
36:37 Iron Casting
39:15 Conscription
38:38 Light Cavalry
39:34 Elite Fire Lancer
40:54 Plate Mail Armor
50:58 Elite Skirmisher
Connection lost

Rejoining the realm…

Still unreachable

The connection could not be restored.

Session expired

The server has moved on; the page needs a fresh start.